 Dungeon Crawl Stone Soup version 0.21-a0-51-gea492e9 (webtiles) character file.

4905 scalarboson the Destroyer (level 10, -10/58 HPs)
             Began as a Tengu Conjurer on June 12, 2017.
             Was a High Priest of Cheibriados.
             Killed by divine providence
             ... invoked by an orc priest
              (13 damage)
             ... on level 9 of the Dungeon.
             The game lasted 00:36:56 (11296 turns).

scalarboson the Destroyer (Tengu Conjurer)         Turns: 11296, Time: 00:36:57

Health: -10/58     AC:  8    Str: 20    XL:     10   Next: 51%
Magic:  19/19      EV: 18    Int: 30    God:    Cheibriados [*****.]
Gold:   525        SH:  0    Dex: 27    Spells: 7/19 levels left

rFire    . . .     SeeInvis .   w - +3 long sword
rCold    . . .     Gourm    .   (no shield)
rNeg     . . .     Faith    +   m - +0 ring mail
rPois    .         Spirit   .   (helmet restricted)
rElec    .         Reflect  .   (no cloak)
rCorr    .         Harm     .   (no gloves)
MR       +....                  (boots unavailable)
Stlth    ++........             h - amulet of faith
Regen    0.2/turn               k - ring of protection from magic
MPRegen  0.2/turn               (no ring)

@: very slow
A: antennae 1, beak, talons 3, slimy green scales 1, agile 1, able to fly 1
a: Fly, Bend Time, Temporal Distortion, Slouch, Step From Time, Renounce
Religion


You were on level 9 of the Dungeon.
You worshipped Cheibriados.
Cheibriados was extremely pleased with you.
You were not hungry.

You visited 2 branches of the dungeon, and saw 10 of its levels.
You also visited: Ossuary.

You collected 525 gold pieces.

Inventory:

Hand Weapons
 w - a +3 long sword (weapon)
Armour
 m - a +0 ring mail (worn)
Jewellery
 h - an amulet of faith (around neck)
 k - a ring of protection from magic (left hand)
 l - an uncursed amulet of the gourmand
Wands
 r - a wand of confusion (33/48)
 t - a wand of iceblast (7/15)
 x - a wand of iceblast (5/15)
 y - a wand of flame (23/48)
Scrolls
 a - 2 scrolls of amnesia
 j - 2 scrolls of blinking
 n - 7 scrolls of identify
 p - a scroll of fear {unknown}
 q - a scroll of teleportation
Potions
 e - a potion of lignification
 s - a potion of brilliance
 v - a potion of flight
 z - a potion of cancellation
Books
 b - a book of Conjurations

   Spells                             Type                      Level
   a - Magic Dart                     Conjuration                  1
   b - Searing Ray                    Conjuration                  2
   c - Dazzling Spray                 Conjuration/Hexes            3
   d - Fulminant Prism                Conjuration/Hexes            4
   e - Force Lance                    Conjuration/Translocation    4
   f - Iskenderun's Mystic Blast      Conjuration                  4
 i - a book of Frost

   Spells                             Type                      Level
   a - Freeze                         Ice                          1
   b - Throw Frost                    Conjuration/Ice              2
   c - Ozocubu's Armour               Charms/Ice                   3
   d - Throw Icicle                   Conjuration/Ice              4
   e - Summon Ice Beast               Ice/Summoning                4
Comestibles
 c - 3 bread rations
 f - 2 meat rations
 g - 2 royal jellies
 o - 7 fruits


   Skills:
 + Level 4.4 Fighting
 + Level 5.9 Long Blades
 + Level 7.3 Armour
 + Level 6.9 Dodging
 - Level 2.0 Stealth
 + Level 5.3 Spellcasting
 + Level 9.4 Conjurations
 + Level 0.1 Hexes
 * Level 4.3 Summonings
 * Level 3.4 Ice Magic


You had 7 spell levels left.
You knew the following spells:

 Your Spells              Type           Power        Failure   Level  Hunger
a - Magic Dart            Conj           ####         1%          1    None
b - Dazzling Spray        Conj/Hex       #####.       3%          3    None
c - Iskenderun's Mystic   Conj           ######..     1%          4    ###....
d - Summon Ice Beast      Ice/Summ       ####....     19%         4    ###....


Dungeon Overview and Level Annotations

Branches:
Dungeon (9/15)             Temple (1/1) D:5            Lair (0/6) D:9
    Orc: D:9-12

Altars:
Ashenzari
Cheibriados
Dithmenos
Elyvilon
Fedhas
Gozag
Hepliaklqana
Kikubaaqudgha
Makhleb
Nemelex Xobeh
Qazlal
Ru
Sif Muna
Trog
Uskayaw
Vehumet
Wu Jian
Xom
Yredelemnul
Zin
The Shining One
Jiyva

Annotations:
D:6 espais's ghost, novice OpMo


Innate Abilities, Weirdness & Mutations

You have a beak for a mouth.
You have claws for feet.
You can fly.
You have a pair of small antennae on your head.
You are partially covered in slimy green scales. (AC +2)
You are agile. (Dex +2)


Message History

The warg completely misses you. The warg barely misses you.
You barely miss the warg.
The warg is moderately wounded.
The orc priest calls down the wrath of Beogh upon you.
Beogh smites you!
The orc priest looks encouraged for a moment.
The warg bites you.
* * * LOW HITPOINT WARNING * * *
Okay, then.
You fail to use your ability.
The warg barely misses you.
You fail to use your ability.
The warg bites you!
* * * LOW HITPOINT WARNING * * *
The orc priest begins to cast a cantrip, but forgets the words!
The warg closely misses you. The warg barely misses you.
You riposte.
You slash the warg! You claw the warg, but do no damage.
The warg is severely wounded.
The orc priest calls down the wrath of Beogh upon you.
Beogh smites you!
You die...

..).........>...#
................#
................#
.######.##....###
.# #.##....##
.######.##.....##
........######..#
..#####.# ##.##
#.# #.# #.@# #.##
#+# ##h# #..# #{#
##.# #o# ##.###
#ho...... .....+
o....#### ...###
........ ....#
..P.......# ....#
............


You could see 2 wargs, 2 orc priests and an orc.

Vanquished Creatures
  Erolcha (D:9)
  The ghost of SevenDeadlySins the Spear-Bearer, a novice MfGl (D:5)
  Sigmund (D:3)
  2 wraiths (D:8)
  A hungry ghost (D:7)
  A warg (D:9)
  3 sky beasts
  3 orc warriors
  An ice beast (D:5)
  A necrophage (D:8)
  An ogre (D:5)
  2 centaurs
  2 phantoms
  3 bullfrogs
  2 water moccasin zombies (Ossuary)
  5 wights
  A howler monkey (D:6)
  4 bullfrog zombies
  5 crimson imps
  2 jellies (D:6)
  A gnoll shaman (D:7)
  A centaur skeleton (D:5)
  4 human zombies (D:8)
  4 orc priests
  5 hounds
  2 iguanas
  A human skeleton (D:8)
  An orc wizard (D:8)
  3 worker ants
  A killer bee zombie (D:8)
  An ogre zombie (D:8)
  2 hound skeletons
  3 mummies
  A howler monkey skeleton (D:4)
  7 gnolls
  9 adders
  3 shadow imps
  2 oozes
  8 adder zombies
  2 adder skeletons (D:7)
  A worm (D:2)
  3 dart slugs
  3 leopard geckos
  19 orcs
  3 ball pythons
  7 bats
  6 giant cockroaches
  10 goblins
  6 hobgoblins
  16 jackals
  7 kobolds
  A quokka (D:9)
  5 frilled lizards
  2 gnoll zombies (Ossuary)
  3 hobgoblin zombies (Ossuary)
  2 kobold zombies (Ossuary)
  A leopard gecko zombie (D:6)
  6 orc zombies (Ossuary)
  2 quokka zombies (D:9)
  8 rats
214 creatures vanquished.

Vanquished Creatures (others)
  A big kobold zombie (Ossuary)
  A kobold zombie (Ossuary)
  5 toadstools (D:1)
7 creatures vanquished.

Grand Total: 221 creatures vanquished

Notes
Turn   | Place    | Note
-------+----------+-------------------------------------------
     0 | D:1      | scalarboson the Tengu Conjurer began the quest for the Orb.
     0 | D:1      | Reached XP level 1. HP: 10/10 MP: 4/4
    74 | D:1      | Reached XP level 2. HP: 15/15 MP: 4/6
   396 | D:1      | Reached skill level 6 in Conjurations
   562 | D:1      | Reached XP level 3. HP: 16/19 MP: 0/7
   723 | D:1      | Learned a level 3 spell: Dazzling Spray
  1274 | D:2      | Reached XP level 4. HP: 11/24 MP: 0/8
  1281 | D:2      | Reached skill level 7 in Conjurations
  1428 | D:2      | Found a faded altar of an unknown god.
  1959 | D:2      | Found a shadowy altar of Dithmenos.
  2250 | D:2      | Learned a level 4 spell: Iskenderun's Mystic Blast
  2362 | D:2      | Gained mutation: You can fly. [Tengu growth]
  2362 | D:2      | Reached XP level 5. HP: 28/28 MP: 7/10
  2702 | D:3      | Reached skill level 1 in Fighting
  2841 | D:3      | Reached skill level 1 in Armour
  2908 | D:3      | Noticed Sigmund
  2922 | D:3      | Killed Sigmund
  2922 | D:3      | Reached XP level 6. HP: 15/34 MP: 0/11
  3291 | D:4      | Found a sand-covered staircase.
  3304 | Ossuary  | Entered an ossuary
  4252 | Ossuary  | Reached XP level 7. HP: 13/39 MP: 13/13
  4505 | Ossuary  | HP: 1/39 [mummy (17)]
  4858 | D:4      | Gained mutation: You have a pair of small antennae on your head. [potion of mutation]
  4858 | D:4      | Gained mutation: You are partially covered in slimy green scales. (AC +2) [potion of mutation]
  4858 | D:4      | Gained mutation: You are agile. (Dex +2) [potion of mutation]
  5520 | D:5      | Entered Level 5 of the Dungeon
  5607 | D:5      | Found a staircase to the Ecumenical Temple.
  5622 | Temple   | Entered the Ecumenical Temple
  5765 | Temple   | Became a worshipper of Cheibriados the Contemplative
  6034 | D:5      | Found an opulent altar of Gozag.
  6117 | D:5      | Found a sacrificial altar of Ru.
  6120 | D:5      | Found a bloodstained altar of Trog.
  6121 | D:5      | Found a shimmering altar of Xom.
  6122 | D:5      | Found an ancient bone altar of Kikubaaqudgha.
  6122 | D:5      | Found a glowing silver altar of Zin.
  6279 | D:5      | Reached skill level 5 in Armour
  6279 | D:5      | Reached skill level 8 in Conjurations
  6279 | D:5      | Reached XP level 8. HP: 37/45 MP: 0/14
  6394 | D:5      | Reached * piety under Cheibriados
  6647 | D:5      | Noticed SevenDeadlySins's ghost (novice MfGl)
  6660 | D:5      | Killed SevenDeadlySins's ghost
  6660 | D:5      | Reached skill level 5 in Dodging
  7042 | D:6      | Noticed espais's ghost (novice OpMo)
  7315 | D:6      | Reached XP level 9. HP: 47/51 MP: 15/17
  7349 | D:6      | Reached skill level 1 in Long Blades
  7482 | D:6      | Reached ** piety under Cheibriados
  7625 | D:6      | Reached skill level 5 in Spellcasting
  7823 | D:6      | Learned a level 4 spell: Summon Ice Beast
  7937 | D:6      | Found a hide-covered altar of Uskayaw.
  7991 | D:6      | Found a white marble altar of Elyvilon.
  8137 | D:7      | Reached skill level 1 in Summonings
  8483 | D:7      | Reached skill level 1 in Ice Magic
  8590 | D:7      | Reached skill level 9 in Conjurations
  8954 | D:7      | Reached *** piety under Cheibriados
  9424 | D:8      | Reached **** piety under Cheibriados
  9752 | D:8      | Found a sacrificial altar of Ru.
  9864 | D:8      | Reached XP level 10. HP: 56/56 MP: 18/18
 10305 | D:8      | Found a basalt altar of Yredelemnul.
 10710 | D:8      | Reached skill level 5 in Long Blades
 10903 | D:9      | Found a sparkling altar of Nemelex Xobeh.
 10910 | D:9      | Reached ***** piety under Cheibriados
 11021 | D:9      | Noticed Erolcha
 11025 | D:9      | Paralysed by Erolcha for 3 turns
 11032 | D:9      | Paralysed by Erolcha for 4 turns
 11038 | D:9      | Killed Erolcha
 11207 | D:9      | Found a hazy altar of Hepliaklqana.
 11281 | D:9      | Found a staircase to the Lair.
 11296 | D:9      | Killed from afar by an orc priest

Vault maps used:
D:1:      ldierk_walled_garden, kennysheep_small_spiral,
          corexii_leaking_fountain
D:2:      grunt_dithmenos_smoke, first_bread,
          chequers_ecumenical_altar_simple_redux
D:3:      uniq_sigmund
D:4:      enter_ossuary_2
D:5:      grunt_gozag_breadcrumbs, grunt_temple_overflow_open, temple_hall,
          serial_park_tiny_pond
D:6:      gammafunk_temple_overflow_statue, minmay_misc_feat_rows
D:8:      lemuel_mausoleum_altar_yredelemnul, basic_altar
D:9:      lemuel_coloured_pillars_altar, okawaru_ov_weapons_minmay,
          nemelex_xobeh_ov_fountains_minmay, erik_lair_orcish_takeover,
          uniq_erolcha
Temple:   pf_slime_end_temple
Ossuary:  ossuary_tomb_2

Skill      XL: |  1  2  3  4  5  6  7  8  9 10 |
---------------+-------------------------------+-----
Conjurations   | 6 7 8 9 |  9.4
Fighting       | 1 2 3 4 |  4.4
Armour         | 2 3 5 6 7 |  7.3
Dodging        | 3 4 5 6 |  6.9
Spellcasting   | 3 4 5 |  5.3
Long Blades    | 4 5 |  5.9
Summonings     | 3 4 |  4.3
Ice Magic      | 2 3 |  3.4
Stealth        | |  2.0
Hexes          | |  0.1

Action                   |  1- 3 |  4- 6 |  7- 9 | 10-12 || total
-------------------------+-------+-------+-------+-------++-------
Melee: Unarmed           |    10 |       |       |       ||    10
       Kick              |     6 |    47 |   120 |    79 ||   252
       Peck              |     5 |    17 |    69 |    42 ||   133
       Club              |    20 |    10 |       |       ||    30
       Spear             |       |   217 |   142 |       ||   359
       Long sword        |       |       |   143 |    97 ||   240
 Cast: Magic Dart        |    56 |    58 |    81 |     5 ||   200
       Dazzling Spray    |     2 |       |     4 |       ||     6
       Iskenderun's Myst |       |       |    33 |    14 ||    47
  Use: Potion            |     2 |     7 |    10 |     3 ||    22
       Scroll            |     2 |     7 |     8 |       ||    17
 Stab: Sleeping          |       |     5 |     4 |     4 ||    13
       Invisible         |       |       |     3 |       ||     3
  Eat: Chunk             |     2 |     8 |     7 |     1 ||    18
       Bread ration      |       |     1 |       |       ||     1
       Meat ration       |       |       |     3 |     1 ||     4
Armor: Robe              |    10 |       |       |       ||    10
       Ring mail         |     3 |    79 |   134 |    20 ||   236
Dodge: Dodged            |    36 |   104 |   258 |    88 ||   486
       Rpst.: Long sword |       |       |    43 |    31 ||    74
